 Dungeon Crawl Stone Soup version 0.21-a0-221-gfe971b9 (webtiles) character file.

24 Moloch the Magician (level 2, 0/19 HPs)
             Began as a Demonspawn Wizard on Aug 25, 2017.
             Slain by an adder (2 damage)
             ... on level 2 of the Dungeon.
             The game lasted 00:01:58 (1087 turns).

Moloch the Magician (Demonspawn Wizard)             Turns: 1087, Time: 00:01:58

Health: 0/19       AC:  2    Str:  7    XL:     2   Next: 79%
Magic:  0/6        EV: 12    Int: 19    God:
Gold:   80         SH:  0    Dex: 11    Spells: 2/7 levels left

rFire    . . .     SeeInvis .   m - +0 club
rCold    . . .     Gourm    .   (no shield)
rNeg     . . .     Faith    .   a - +0 robe
rPois    .         Spirit   .   b - +0 hat
rElec    .         Reflect  .   (no cloak)
rCorr    .         Harm     .   (no gloves)
MR       .....                  (no boots)
Stlth    ++........             (no amulet)
HPRegen  0.06/turn              (no ring)
MPRegen  0.10/turn              (no ring)

@: very slightly contaminated
A: powered by death 1
a: no special abilities


You were on level 2 of the Dungeon.
You were not hungry.

You visited 1 branch of the dungeon, and saw 2 of its levels.

You collected 80 gold pieces.

Inventory:

Hand Weapons
 m - a +0 club (weapon)
Armour
 a - a +0 robe (worn)
 b - a +0 hat (worn)
Scrolls
 e - a scroll of identify {unknown}
 k - a scroll of fear {unknown}
 n - a scroll of immolation {unknown}
Potions
 f - a potion of haste {unknown}
 g - 2 potions of curing
 h - a potion of flight {unknown}
 i - a potion of cancellation {unknown}
Books
 c - a book of Minor Magic

   Spells                             Type                      Level
   a - Magic Dart                     Conjuration                  1
   b - Blink                          Translocation                2
   c - Call Imp                       Summoning                    2
   d - Slow                           Hexes                        2
   e - Conjure Flame                  Conjuration/Fire             3
   f - Mephitic Cloud                 Conjuration/Poison/Air       3
Comestibles
 d - 2 bread rations
 j - a meat ration
 l - a chunk of flesh


   Skills:
 - Level 1.7 Dodging
 - Level 1.7 Stealth
 - Level 3.0 Spellcasting
 + Level 2.8 Conjurations
 - Level 1.0 Summonings
 - Level 0.8 Translocations


You had 2 spell levels left.
You knew the following spells:

 Your Spells              Type           Power        Failure   Level  Hunger
a - Magic Dart            Conj           ##..         4%          1    None
b - Blink                 Tloc           N/A          16%         2    ##.....
c - Call Imp              Summ           #.......     16%         2    ##.....


Dungeon Overview and Level Annotations

Branches:
Dungeon (2/15)

Altars:


Innate Abilities, Weirdness & Mutations

You regenerate a little health from kills.


Message History

The adder is heavily wounded.
The adder bites you. The adder bites you but does no damage.
You closely miss the adder.
The adder is heavily wounded.
The adder bites you. x2
You barely miss the adder.
The adder is heavily wounded.
The adder bites you.
There is an open door here.
Casting: Magic Dart
Confirm with . or Enter, or press ? or * to list all spells.
Aiming: Magic Dart
Press: ? - help, Shift-Dir - straight line, f/p - adder
Aim: an adder (heavily wounded)
The magic dart hits the adder.
The adder is almost dead.
The adder bites you.
* * * LOW HITPOINT WARNING * * *
The adder bites you.
You die...

........≈PP.##+...≈≈.≈≈≈≈≈..#####
.....≈≈P≈P≈P......♣..P..P........
....≈P≈P≈P♣≈≈≈...................
..#.P≈≈♣♣♣♣♣≈P.###########.#...[.
###.P≈♣♣ ♣≈≈P... #.#..... #
##.≈≈♣♣♣♣♣PP### #.#..... #
##≈≈P≈♣≈≈≈P..# #.##+###
#####.≈≈≈≈PPP...##### #.##+##
....'.≈P........@Sl.# #.....##
#####.P.##......###...# #.......
# #......###### #..# #......# #
.......+ ..# #....... # ####..[#
.# #.##+#.. # #...# .. #.# #.# #
...# .# #.# #.< # .# .K .. #.. #
. ...


You could see an adder and a leopard gecko.

Vanquished Creatures
  A dart slug (D:1)
  2 giant cockroaches
  4 goblins (D:1)
  2 hobgoblins (D:1)
  2 jackals (D:2)
  A quokka (D:2)
  A bat (D:2)
  2 frilled lizards (D:2)
  3 kobolds
  3 rats
21 creatures vanquished.

Notes
Turn   | Place    | Note
-------+----------+-------------------------------------------
     0 | D:1      | Moloch the Demonspawn Wizard began the quest for the Orb.
     0 | D:1      | Reached XP level 1. HP: 13/13 MP: 4/4
   369 | D:1      | Gained mutation: You regenerate a little health from kills. [demonic ancestry]
   369 | D:1      | Reached XP level 2. HP: 19/19 MP: 1/6
   713 | D:2      | Learned a level 2 spell: Blink
   716 | D:2      | Learned a level 2 spell: Call Imp
  1087 | D:2      | Slain by an adder

Vault maps used:
D:1:      scummos_arrival_checkerplants
D:2:      regret_index_temple_of_mockery, serial_bayou, serial_bayou_pond_b,
          serial_bayou_pond_c, serial_bayou_pond_b, serial_bayou_pond_c

Skill      XL: |  1 |
---------------+----+-----
Conjurations   | 2 |  2.8
Dodging        | |  1.7
Stealth        | |  1.7
Spellcasting   | |  3.0
Summonings     | |  1.0
Translocations | |  0.8

Action                   || total
-------------------------++-------
Melee: Unarmed           ||     7
       Club              ||    10
 Cast: Magic Dart        ||    53
  Use: Potion            ||     1
Armor: Robe              ||     7
Dodge: Dodged            ||    15

Table legend:
 A = Spawn XP
 B = Non-spawn XP
 C = Spawn XP percentage of total XP
 D = Spawn monster count
 E = Non-spawn monster count
 F = Spawn count percentage of total count
 G = Total turns spent on level
                    A         B        C        D         E        F      G
               +---------+---------+-------+---------+---------+-------+---------
         Total |       4 |      31 |  11.4 |       2 |      19 |   9.5 |  1087
               +---------+---------+-------+---------+---------+-------+---------
           D:1 |       4 |      17 |  19.0 |       2 |       9 |  18.2 |   691
           D:2 |       0 |      14 |   0.0 |       0 |      10 |   0.0 |   396
               +---------+---------+-------+---------+---------+-------+---------
